 Dungeon Crawl Stone Soup version 0.28.0-45-g0d030f2227 (webtiles) character file.

Game seed: 4519046019617554152

73528 Endy73 the Severer (level 15, -19/217 HPs)
             Began as a Minotaur Berserker on Feb 17, 2022.
             Was a High Priest of Trog.
             Killed from afar by Jorgrun (45 damage)
             ... with an iron shot
             ... on level 15 of the Dungeon on May 12, 2022.
             The game lasted 01:37:54 (26499 turns).

Endy73 the Severer (Minotaur Berserker)            Turns: 26499, Time: 01:37:55

Health: -19/217    AC: 25    Str: 27    XL:     15   Next: 4%
Magic:  0/14       EV: 13    Int:  6    God:    Trog [*****.]
Gold:   1337       SH:  0    Dex: 16    Spells: 14/14 levels left

rFire   + + .      SeeInvis +   Y - +4 battleaxe
rCold   . . .      Faith    .   (shield currently unavailable)
rNeg    . . .      Spirit   +   g - +1 plate armour
rPois   .          Reflect  .   d - +1 hat
rElec   +          Harm     .   l - +0 cloak
rCorr   .          Rampage  .   q - +2 pair of gloves
Will    ++++.                   (no boots)
Stlth   ..........              i - amulet of guardian spirit
HPRegen 1.46/turn               K - +6 ring of strength
MPRegen 0.14/turn               r - ring "Suuh" {rElec rF++ Will+ SInv Stlth-}

@: berserking (expiring), strong-willed (expiring), regenerating (expiring),
very quick
A: horns 2, retaliatory headbutt
a: Renounce Religion, Berserk, Trog's Hand, Brothers in Arms


You were on level 15 of the Dungeon.
You worshipped Trog.
Trog was extremely pleased with you.
You visited 2 branches of the dungeon, and saw 20 of its levels.
You also visited: Sewer and Ossuary.

You collected 1696 gold pieces.
You spent 359 gold pieces at shops.

Inventory:

Hand Weapons
 y - a +1 antimagic hand axe
 z - a +2 hand axe of flaming
 Y - a +4 battleaxe (weapon)
Missiles
 A - 11 boomerangs (quivered)
 R - 18 poisoned darts
 W - a throwing net
Armour
 d - a +1 hat (worn)
 g - a +1 plate armour (worn)
 l - a +0 cloak (worn)
 q - a +2 pair of gloves (worn)
Jewellery
 i - an amulet of guardian spirit (around neck)
 j - a +4 ring of evasion
 o - a ring of flight
 p - a +4 ring of evasion
 r - the ring "Suuh" (right hand) {rElec rF++ Will+ SInv Stlth-}
   (You found it on level 4 of the Dungeon)

   [ring of willpower]

   rF:        It greatly protects you from fire.
   rElec:     It insulates you from electricity.
   SInv:      It lets you see invisible.
   Will:      It increases your willpower.
   Stlth:     It makes you less stealthy.
 B - a ring of protection from fire
 F - a ring of protection from cold
 K - a +6 ring of strength (left hand)
 Q - an amulet of magic regeneration
Wands
 D - a wand of paralysis (13)
 E - a wand of digging (9)
 J - a wand of acid (8)
 L - a wand of polymorph (9)
 M - a wand of mindburst (14)
 S - a wand of iceblast (29)
 T - a wand of charming (7)
 X - a wand of flame (16)
Scrolls
 b - 14 scrolls of teleportation
 f - 2 scrolls of enchant weapon
 k - 10 scrolls of enchant armour
 m - a scroll of fog
 n - 9 scrolls of identify
 u - a scroll of brand weapon
 w - 2 scrolls of blinking
 H - a scroll of magic mapping
 I - a scroll of holy word
 O - a scroll of fear
 P - 2 scrolls of immolation
Potions
 a - 3 potions of mutation
 c - 2 potions of resistance
 e - a potion of lignification
 h - 3 potions of might
 s - a potion of ambrosia
 t - a potion of magic
 v - 14 potions of curing
 x - 2 potions of berserk rage
 C - 2 potions of flight
 G - 2 potions of cancellation
 N - 3 potions of heal wounds
 V - a potion of haste {unknown}
Miscellaneous
 U - a lightning rod (4/4)


   Skills:
 + Level 16.4 Fighting
 + Level 18.5 Axes
 - Level 2.3 Staves
 * Level 17.5 Armour
 * Level 10.9 Dodging


You had 14 spell levels left.
You didn't know any spells.
Your spell library was empty.

Dungeon Overview and Level Annotations

Branches:
Dungeon (15/15)            Temple (0/1) D:5            Lair (6/6) D:10
  Swamp (0/4) Lair:4       Spider (0/4) Lair:3        Slime (0/5) Lair:6
    Orc (0/2) D:11          Sewer (visited)         Ossuary (visited)
 Vaults: D:13-14     Depths: D:15

Altars:
Gozag
Okawaru
Trog
Jiyva

Shops:
D:2 [[   D:10 =   D:11 ?   D:12 (

Annotations:
D:15 Jorgrun
Lair:2 2 transporters
Lair:6 exclusions: obsidian statue and oklob plant


Innate Abilities, Weirdness & Mutations

You have a pair of horns on your head.
You reflexively headbutt those who attack you in melee.


Message History

You have reached level 15!
Your experience leads to an increase in your attributes!
Your base attributes are Str 21, Int 4, Dex 16.
Increase (S)trength, (I)ntelligence, or (D)exterity?
You feel clever. x2
You slice the green ugly thing!! You headbutt the green ugly thing!!
The green ugly thing is almost dead.
You slash the skeletal warrior!
The skeletal warrior hits you with a +0 flail!!
* * * LOW HITPOINT WARNING * * *
The skeletal warrior closely misses you.
The green ugly thing closely misses you.
You furiously retaliate!
You headbutt the green ugly thing!
You kill the green ugly thing!
Trog accepts your kill.
You cut the skeletal warrior into ribbons!!!
You destroy the skeletal warrior!
Trog accepts your kill.
Jorgrun points at you and mumbles some strange words.
You resist with almost no effort.
You are too berserk!
You feel the effects of Trog's Hand fading.
Your iron troll completely misses the skeletal warrior.
Your iron troll claws the skeletal warrior!!
Your iron troll claws the skeletal warrior!
The skeletal warrior closely misses you.
Things that are here:
an ugly thing corpse; an ugly thing corpse You slash the skeletal warrior!
The skeletal warrior is severely damaged.
You barely miss Jorgrun. Jorgrun barely misses you.
You slice the skeletal warrior!!
You destroy the skeletal warrior!
Trog accepts your kill.
You closely miss Jorgrun.
Your iron troll barely misses Jorgrun.
Your iron troll misses Jorgrun. x2
You miss Jorgrun. Jorgrun casts a spell at you. The iron shot hits you!!!
You die...

#........
#.......
......
##....#
#..†..#
..)T.#
○#))g#
#)@# #†.#
#..# #..#
#..# #..#
#..##
##...##
#.....###


You could see Jorgrun (ally target) and a friendly iron troll (summoned,
berserk).

Vanquished Creatures
  3 dire elephants (Lair:6)
  Harold (Lair:2)
  A catoblepas (Lair:6)
  2 boulder beetles
  An ogre mage (D:9)
  10 hydras
  9 two-headed ogres
  9 death yaks
  Erica (Lair:2)
  4 skeletal warriors (D:15)
  2 spectral death yaks (Lair:6)
  A spectral anaconda (Lair:6)
  4 necromancers
  A deep elf pyromancer (D:14)
  A manticore (D:11)
  3 cyclopes
  5 ugly things (D:15)
  3 black mambas
  A black mamba (shapeshifter) (D:14)
  14 elephants
  A dire elephant skeleton (Lair:6)
  An unseen horror (D:12)
  16 cane toads
  A gargoyle (D:10)
  12 komodo dragons
  A kobold demonologist (D:12)
  An efreet (D:15)
  A troll (shapeshifter) (D:14)
  2 trolls
  A polar bear (Lair:6)
  20 dream sheep
  4 slime creatures (D:12)
  3 spectral elephants (Lair:6)
  Sigmund (D:4)
  43 yaks
  A jumping spider (Lair:3)
  A shadow (D:10)
  A vampire (D:10)
  4 wraiths
  5 wyverns
  2 steam dragons
  A dire elephant simulacrum (Lair:6)
  Eustachio (D:4)
  6 basilisks
  7 vampire mosquitoes
  The ghost of Skimidon the Digger, an amateur GnWn (D:3)
  A spectral cane toad (Lair:6)
  2 acid dragons
  20 water moccasins
  6 orc warriors
  2 sky beasts (D:6)
  3 elephant zombies
  3 black bears
  A necrophage (D:5)
  18 wolves
  16 ogres
  2 elephant skeletons (Lair:6)
  4 centaurs
  A phantom (D:6)
  3 kobold brigands
  13 bullfrogs
  4 scorpions
  A wyvern zombie (D:7)
  2 gnoll sergeants
  2 water moccasin zombies (Ossuary)
  A cane toad simulacrum (Lair:6)
  6 howler monkeys
  5 electric eels
  3 centaur zombies
  A bullfrog zombie (D:3)
  9 orc priests
  Crazy Yiuf (D:2)
  A centaur skeleton (D:6)
  A basilisk zombie (Lair:5)
  2 bullfrog skeletons
  2 gnoll shamans
  12 orc wizards
  Ijyb (D:4)
  4 iguanas
  7 hell rats
  2 killer bee zombies
  2 hound skeletons
  A howler monkey zombie (D:9)
  2 mummies (Ossuary)
  15 gnolls
  A howler monkey skeleton (D:6)
  9 adders
  4 river rats (Sewer)
  A shadow imp (D:6)
  2 white imps
  3 adder zombies (Ossuary)
  4 worms
  2 dart slugs
  55 orcs
  7 endoplasms
  7 giant cockroaches
  4 gnoll zombies (Ossuary)
  11 goblins
  7 hobgoblins
  4 jackals (D:1)
  21 kobolds
  2 quokkas
  10 ball pythons
  6 bats
  6 frilled lizards
  A goblin zombie (D:7)
  5 hobgoblin zombies (Ossuary)
  7 kobold zombies (Ossuary)
  5 orc zombies (Ossuary)
  A quokka zombie (D:7)
  8 rats
589 creatures vanquished.

Vanquished Creatures (collateral kills)
  A deep elf pyromancer (D:15)
  A manticore (D:15)
  Maggie (D:8)
3 creatures vanquished.

Vanquished Creatures (others)
  14 fungi
  27 plants
  15 withered plants (Lair:6)
56 creatures vanquished.

Grand Total: 648 creatures vanquished

Notes
Turn   | Place    | Note
-------+----------+-------------------------------------------
     0 | D:1      | Endy73 the Minotaur Berserker began the quest for the Orb.
     0 | D:1      | Reached XP level 1. HP: 19/19 MP: 0/0
   216 | D:1      | Reached XP level 2. HP: 16/27 MP: 1/1
   393 | D:1      | Found a faded altar of an unknown god.
   449 | D:1      | Reached skill level 4 in Axes
   740 | D:1      | Reached XP level 3. HP: 30/33 MP: 2/2
  1063 | D:2      | Found Omoduree's Armour Emporium.
  1257 | D:2      | Reached ** piety under Trog
  1286 | D:2      | Found Pustralul's Armour Shoppe.
  1303 | D:2      | Reached XP level 4. HP: 30/41 MP: 3/3
  1499 | D:2      | Found a runed translucent door.
  1500 | D:2      | Noticed Crazy Yiuf
  1710 | D:2      | Killed Crazy Yiuf
  1968 | D:3      | Found a runed translucent gate.
  1968 | D:3      | Found a runed translucent gate.
  1968 | D:3      | Found a runed translucent gate.
  1978 | D:3      | Noticed Skimidon's ghost (amateur GnWn)
  2568 | D:4      | Noticed Eustachio
  2653 | D:4      | Reached skill level 1 in Staves
  2653 | D:4      | Reached XP level 5. HP: 47/47 MP: 4/4
  2699 | D:4      | Reached skill level 5 in Fighting
  2712 | D:4      | Reached skill level 5 in Axes
  2752 | D:4      | Identified the ring "Suuh" {rElec rF++ Will+ SInv Stlth-}
  2768 | D:4      | Noticed a water moccasin
  2779 | D:4      | Reached XP level 6. HP: 56/56 MP: 5/5
  2779 | D:4      | Killed a water moccasin
  2804 | D:5      | Entered Level 5 of the Dungeon
  2829 | D:5      | Noticed a troll
  2837 | D:5      | Killed a troll
  2838 | D:5      | Reached skill level 6 in Axes
  2838 | D:5      | Reached skill level 5 in Armour
  2838 | D:5      | Reached XP level 7. HP: 64/64 MP: 3/6
  3208 | D:5      | Reached skill level 7 in Axes
  3208 | D:5      | Reached XP level 8. HP: 73/73 MP: 7/7
  3340 | D:5      | Found a staircase to the Ecumenical Temple.
  3469 | D:5      | Found a glowing drain.
  3493 | Sewer    | Entered a sewer
  3731 | Sewer    | Reached *** piety under Trog
  4193 | D:6      | Reached skill level 8 in Axes
  4712 | D:6      | Identified the +9 dagger of the People {vorpal, rPois
                  | Str+4}
  4958 | D:7      | Reached XP level 9. HP: 78/82 MP: 6/8
  5200 | D:7      | Reached skill level 9 in Axes
  5421 | D:7      | Found a sand-covered staircase.
  5429 | Ossuary  | Entered an ossuary
  5451 | Ossuary  | Reached **** piety under Trog
  6125 | D:8      | Upgraded the game from 0.28.0 to 0.28.0-1-gb440e238dd
  6248 | D:8      | Reached skill level 10 in Fighting
  6292 | D:8      | Upgraded the game from 0.28.0-1-gb440e238dd to
                  | 0.28.0-43-g3370ac3207
  6347 | D:8      | Reached skill level 10 in Axes
  6600 | D:8      | Noticed Maggie
  6608 | D:8      | Killed Maggie
  6754 | D:8      | Upgraded the game from 0.28.0-43-g3370ac3207 to
                  | 0.28.0-45-g0d030f2227
  7017 | D:4      | Killed Eustachio
  7051 | D:4      | Noticed Ijyb
  7052 | D:4      | Noticed Sigmund
  7063 | D:4      | Reached XP level 10. HP: 91/94 MP: 9/9
  7064 | D:4      | Killed Ijyb
  7073 | D:4      | Killed Sigmund
  7074 | D:4      | Reached skill level 10 in Armour
  7626 | D:3      | Killed Skimidon's ghost
  8610 | D:9      | Noticed a two-headed ogre
  8627 | D:9      | Killed a two-headed ogre
  8628 | D:9      | Reached skill level 11 in Axes
  9036 | D:9      | Noticed a moth of wrath
  9039 | D:9      | Found a bloodstained altar of Trog.
  9303 | D:9      | Found an opulent altar of Gozag.
  9543 | D:9      | Noticed a two-headed ogre
  9544 | D:9      | Noticed a two-headed ogre
  9549 | D:9      | Noticed a two-headed ogre
  9561 | D:9      | Killed a two-headed ogre
  9562 | D:9      | Reached skill level 5 in Dodging
  9568 | D:9      | Killed a two-headed ogre
  9569 | D:9      | Reached XP level 11. HP: 75/104 MP: 6/10
  9569 | D:9      | Killed a two-headed ogre
  9941 | D:9      | Noticed a two-headed ogre
  9941 | D:9      | Noticed a two-headed ogre
  9941 | D:9      | Noticed an ogre mage
  9941 | D:9      | Noticed a two-headed ogre
  9947 | D:9      | Reached skill level 12 in Axes
  9949 | D:9      | Killed a two-headed ogre
  9957 | D:9      | Killed a two-headed ogre
  9961 | D:9      | Killed an ogre mage
  9966 | D:9      | Killed a two-headed ogre
 10024 | D:9      | Identified the +7 trident "Diump" {drain, Int+4}
 10081 | D:10     | Entered Level 10 of the Dungeon
 10154 | D:10     | Found Cexaf's Jewellery Shop.
 10403 | D:10     | Noticed a two-headed ogre
 10413 | D:10     | Killed a two-headed ogre
 10642 | D:10     | Reached skill level 13 in Axes
 11442 | D:10     | Found a staircase to the Lair.
 11630 | D:11     | Noticed a six-headed hydra
 11642 | D:11     | Killed a one-headed hydra
 11643 | D:11     | Reached XP level 12. HP: 105/115 MP: 9/11
 11710 | D:11     | Found a staircase to the Orcish Mines.
 12032 | D:11     | Reached skill level 14 in Axes
 12232 | D:11     | Found Rycwac's Magic Scroll Emporium.
 12237 | D:11     | Bought a scroll of blinking for 112 gold pieces
 12237 | D:11     | Bought a scroll of enchant weapon for 112 gold pieces
 12237 | D:11     | Bought 2 scrolls of teleportation for 90 gold pieces
 12237 | D:11     | Bought a scroll of teleportation for 45 gold pieces
 12381 | D:11     | Noticed a two-headed ogre
 12388 | D:11     | Killed a two-headed ogre
 12850 | Lair:1   | Entered Level 1 of the Lair of Beasts
 14733 | Lair:2   | Noticed a six-headed hydra
 14742 | Lair:2   | Killed a one-headed hydra
 14871 | Lair:2   | Noticed Harold
 14887 | Lair:2   | Killed Harold
 14888 | Lair:2   | Reached skill level 15 in Axes
 15207 | Lair:2   | Noticed Erica
 15223 | Lair:2   | Killed Erica
 15642 | Lair:2   | Found an iron altar of Okawaru.
 15685 | Lair:2   | Found a transporter.
 15747 | Lair:2   | Found a transporter.
 15810 | Lair:2   | Identified the +7 rapier of Scorn {drain, Str+8 Dex-2
                  | Stlth+}
 16173 | Lair:3   | Found a hole to the Spider Nest.
 16504 | Lair:3   | Reached XP level 13. HP: 125/125 MP: 12/12
 16714 | Lair:3   | Reached ***** piety under Trog
 17311 | Lair:4   | Reached skill level 16 in Axes
 17747 | Lair:4   | Reached skill level 15 in Armour
 17970 | Lair:4   | Found a staircase to the Swamp.
 18693 | Lair:5   | Reached skill level 15 in Fighting
 20980 | Lair:6   | Entered Level 6 of the Lair of Beasts
 21286 | Lair:6   | Received a gift from Trog
 21304 | Lair:6   | Reached XP level 14. HP: 122/135 MP: 11/13
 22152 | Lair:6   | Found a viscous altar of Jiyva.
 22152 | Lair:6   | Found a staircase to the Slime Pits.
 22942 | Lair:6   | Reached skill level 17 in Axes
 23395 | Lair:6   | Reached skill level 10 in Dodging
 23565 | Lair:6   | HP: 9/196 [dire elephant (8)]
 24258 | Lair:6   | Received a gift from Trog
 25284 | D:12     | Reached skill level 18 in Axes
 25411 | D:12     | Found Gigiuhomn's Weapon Boutique.
 25602 | D:12     | You fall into a shaft and drop 2 floors!
 26340 | D:15     | Entered Level 15 of the Dungeon
 26469 | D:15     | Noticed Jorgrun
 26494 | D:15     | Reached XP level 15. HP: 39/145 MP: 2/14
 26499 | D:15     | Killed from afar by Jorgrun

Illustrated notes

Levels and vault maps discovered:
D:1:      dpeg_arrival_arbitrary_a, layout_rooms,
          dilly_ecumenical_altar_fadedgnrine, minmay_crystal_water,
          minmay_misc_feat_plants
D:2:      layout_rooms, serial_shops, nicolae_diamond_shop, shop,
          uniq_crazy_yiuf_cottage
D:3:      layout_basic, gammafunk_ghost_necromancy
D:4:      layout_cave_pools, kennysheep_generic_room_9, uniq_eustachio,
          uniq_sigmund, uniq_ijyb
D:5:      minmay_angry_zag, layout_loops_corners,
          minmay_temple_entry_gardened_gates, gup_sewer_entry_glass
D:6:      layout_rooms
D:7:      layout_loops_ring, enter_ossuary_4, nicolae_grassy_gnolls
D:8:      layout_gridville, uniq_maggie
D:9:      lemuel_ogre_cave, layout_loops_ring,
          mainiacjoe_overflow_surrounded_room, tgw_trog
D:10:     layout_roguey [special_room_orc], erik_lair_dragon, serial_shops, shop
D:11:     layout_cave_pods, orc_0_dummy, serial_shops, kennysheep_little_box,
          kennysheep_generic_room_7
D:12:     layout_stronghold, serial_shops, shop
D:14:     layout_basic, nrook_uturn
D:15:     grunt_enter_depths_snipers, layout_layer_cave, eino_curves_04,
          uniq_jorgrun, uniq_kirke, uniq_azrael
Lair:1:   layout_layer_cave, serial_rivers, chequers_serial_rivers_marsh,
          chequers_serial_rivers_large_a, chequers_serial_rivers_micro_e,
          chequers_serial_rivers_micro_e, chequers_serial_rivers_micro_c
Lair:2:   gammafunk_cloud_chamber, layout_cave_pods, basic_altar, uniq_erica,
          uniq_harold
Lair:3:   layout_long_grid, spider_nest_entry_funnel_web, serial_forest,
          infiniplex_forest_lined_corner, infiniplex_forest_3_way,
          infiniplex_forest_clump_large, infiniplex_forest_lined_4_way,
          infiniplex_forest_lined_room_
Lair:4:   layout_loops_ring, swamp_mist, st_stairs_3, grunt_megastairs_1,
          serial_bayou_shore_a
Lair:5:   pond_and_an_island_with_a_cottage, layout_regular_city,
          hangedman_lair_generics_rect
Lair:6:   due_jungle_book, layout_gridlike, dpeg_slime_entry_enclosed_altar,
          minmay_lair_oklob_bushes

Skill      XL: |  1  2  3  4  5  6  7  8  9 10 11 12 13 14 |
---------------+-------------------------------------------+-----
Fighting       | 4 5 6 7 8 10 11 13 14 15 16 | 16.4
Axes           | 4 5 6 7 8 10 11 13 15 16 18 | 18.5
Armour         | 3 5 6 7 9 11 12 14 16 17 | 17.5
Staves         | 1 2 |  2.3
Dodging        | 5 7 8 9 10 | 10.9

Action                   |  1- 3 |  4- 6 |  7- 9 | 10-12 | 13-15 || total
-------------------------+-------+-------+-------+-------+-------++-------
Melee: Hand axe          |    87 |    44 |   237 |    13 |   351 ||   732
       Headbutt          |    15 |    13 |    65 |   140 |   223 ||   456
       Quarterstaff      |       |    28 |       |       |       ||    28
       Punch             |       |     1 |     2 |     8 |     5 ||    16
       War axe           |       |       |   116 |   526 |    52 ||   694
       Battleaxe         |       |       |       |       |   347 ||   347
Invok: Berserk           |     3 |     3 |     1 |    12 |     5 ||    24
       Trog's Hand       |       |     2 |     5 |    15 |     7 ||    29
       Brothers in Arms  |       |       |     1 |       |     1 ||     2
  Use: Scroll            |     3 |     4 |     5 |    15 |     4 ||    31
Armor: Animal skin       |     7 |       |       |       |       ||     7
       Plate armour      |    33 |    55 |   204 |   282 |   393 ||   967
Dodge: Dodged            |    44 |    46 |   181 |   278 |   292 ||   841
